[Event "*** Titled Tuesday Blitz"]
[Site "Chess.com"]
[Date "2020.05.19"]
[Round "5"]
[White "garfield_pg"]
[Black "Justinz"]
[Result "1-0"]
[WhiteElo "2164"]
[BlackElo "2313"]
[TimeControl "180+1"]
[EndTime "12:57:04 PDT"]
[Termination "garfield_pg won by resignation"]

1. e4 c5 2. d4 cxd4 3. Nf3 d6 4. Nxd4 Nf6 5. Nc3 a6 6. Be3 e5 7. Nb3 Be7 8. f3 Be6 9. Qd2 h5 10. O-O-O Nbd7 11. Qf2 Rc8 12. Kb1 Qc7 13. g3 b5 14.
h3 b4 15. Nd5 Nxd5 16. exd5 Bf5 17. Bd3 Bxd3 18. Rxd3 a5 19. f4 a4 20. Nc1 O-O 21.
Rhd1 Rfe8 22. g4 exf4 23. Bxf4 h4 24. g5 Bf8 25. Rd4 Qc5 26. Nd3 Qb6 27. Nxb4 Ne5 28. Nc6 Nxc6 29. dxc6 Rxc6 30. Qd2 Rb8 31. b3 axb3 32.
cxb3 Rd8 33. Be3 Qa6 34. Rxh4 Rdc8 35. Qd3 Qxd3+ 36. Rxd3 Rc2 37. Rd2 Rc1+ 38. Kb2 g6 39. Bd4 Bg7 40. Bxg7 Kxg7 41. Rhd4 Rh1 42. h4 Rcc1 43.
a4 Ra1 44. Kc3 Rab1 45. Kb4 Rh3 46. R2d3 Rh2 47. a5 Rhb2 48. Rxd6 Rh1 49. R6d4 Rhb1 50.
a6 Kg8 51. Rd7 Rf1 52. a7 1-0

[Event "*** Titled Tuesday Blitz"]
[Site "Chess.com"]
[Date "2020.05.19"]
[Round "5"]
[White "SergioGarciaFuentes"]
[Black "silverback96"]
[Result "0-1"]
[WhiteElo "2123"]
[BlackElo "2322"]
[TimeControl "180+1"]
[EndTime "12:57:05 PDT"]
[Termination "silverback96 won by resignation"]

1. Nf3 c5 2. g3 Nc6 3. d4 d5 4. Bg2 cxd4 5. Nxd4 Bd7 6. Bxd5 Nxd4 7. Qxd4 Rc8 8. c4 Bh3 9. Qh4 Qd7 10. Nc3 Nf6 11.
Bf3 e5 12. Bg5 Be7 13. Rd1 Qf5 14. Bxf6 Bxf6 15. Qe4 Qxe4 16. Nxe4 Be7 17. b3 O-O 18. g4 h5 19. gxh5 f5 20. Nc3 e4 21. Nxe4 fxe4 22. Bxe4 Bh4 23. Bf3 Rce8 24. Kd2 Bxf2 25. Bxb7 Be3+ 26. Kc3 Rf2 27. Bd5+ Kh8 28. Rhe1 Bf4 29. e3 Bxh2 30. e4 Be5+ 31. Kb4 Rxa2 32. c5 Rb8+ 33.
Kc4 Rc2+ 34. Kd3 Rc3+ 35. Kd2 Rbxb3 36. Rb1 Rxb1 37. Rxb1 Rxc5 0-1

[Event "*** Titled Tuesday Blitz"]
[Site "Chess.com"]
[Date "2020.05.19"]
[Round "5"]
[White "wonderfultime"]
[Black "1977Ivan"]
[Result "1-0"]
[WhiteElo "2998"]
[BlackElo "2626"]
[TimeControl "180+1"]
[EndTime "12:57:06 PDT"]
[Termination "wonderfultime won on time"]

1. d4 Nf6 2. Nf3 c5 3. c3 Qc7 4.
Bg5 d5 5. e3 Nbd7 6. Nbd2 e6 7.
Bd3 Bd6 8. O-O O-O 9. Re1 b6 10. c4 Bb7 11. Rc1 h6 12. Bh4 Ne4 13. cxd5 exd5 14.
Bg3 Bxg3 15. hxg3 Ndf6 16. Ne5 Nxd2 17. Qxd2 Qd6 18. Red1 c4 19. Bb1 b5 20. Qe2 Rfe8 21. g4 a5 22. Qf3 Bc8 23. Qf4 Bxg4 24. f3 Be6 25. Kf2 Nd7 26. Rh1 Qf8 27. Rh5 Ra6 28.
Rch1 Nf6 29. R5h2 Nh7 30. Qg3 Kh8 31. Bg6 b4 32. Qf4 Kg8 33. Bc2 1-0

[Event "*** Titled Tuesday Blitz"]
[Site "Chess.com"]
[Date "2020.05.19"]
[Round "5"]
[White "JoachimMouhamad"]
[Black "jucAxx"]
[Result "1-0"]
[WhiteElo "2316"]
[BlackElo "2087"]
[TimeControl "180+1"]
[EndTime "12:57:06 PDT"]
[Termination "JoachimMouhamad won by resignation"]

1. e4 e6 2. d4 d5 3. Nc3 Bb4 4. e5 c5 5. a3 Bxc3+ 6. bxc3 Qc7 7. Qg4 Ne7 8. Qxg7 Rg8 9. Qxh7 cxd4 10. Qd3 Nbc6 11.
cxd4 Bd7 12. Nf3 O-O-O 13. Bg5 Rde8 14. h4 Nf5 15. Bd2 Rg4 16. c3 Na5 17. h5 Nc4 18.
h6 Rh8 19. h7 Rg7 20. a4 Rgxh7 21. Rxh7 Rxh7 22. g4 Nxd2 23. Kxd2 Rh2 24. gxf5 Rxf2+ 25. Ke3 Rb2 26. f6 Rb3 27. Kd2 Rb2+ 28. Kc1 Rf2 29.
Nd2 Qa5 30. Ra3 b5 31. Nb3 Qb6 32. Nc5 bxa4 33. Qa6+ Qxa6 34. Bxa6+ Kc7 35. Nxd7 Kxd7 36. Rxa4 Kc7 37. Bd3 Rf3 38. Kc2 Kb6 39. Ra6+ Kb7 40. Ra1 Rf2+ 41. Kb3 Rf3 42. Bb5 Kb6 43. Be8 1-0

[Event "*** Titled Tuesday Blitz"]
[Site "Chess.com"]
[Date "2020.05.19"]
[Round "5"]
[White "Aradej"]
[Black "lamomiablanca"]
[Result "1-0"]
[WhiteElo "2460"]
[BlackElo "2179"]
[TimeControl "180+1"]
[EndTime "12:57:08 PDT"]
[Termination "Aradej won on time"]

1. e4 c5 2. Nf3 Nc6 3. Bb5 g6 4.
Bxc6 dxc6 5. d3 Bg7 6. h3 Nf6 7. Nc3 O-O 8. Be3 b6 9. Qd2 e5 10. Bh6 Qd6 11. Nh2 Nh5 12. Bxg7 Kxg7 13. Ng4 f6 14. g3 Be6 15. O-O-O b5 16. Kb1 a5 17.
Rhf1 a4 18. f4 Bxg4 19. hxg4 Nxg3 20. Rf3 b4 21. Rxg3 bxc3 22. Qxc3 exf4 23. Rh3 Qe5 24. d4 cxd4 25. Qxc6 Ra7 26. Rdh1 Kh8 27. a3 Rb8 28. g5 d3 29. c3 Qxg5 30. Rxd3 Rab7 31. Rd8+ Rxd8 32. Qxb7 h5 33. Qe7 Rg8 34. c4 f3 35.
Rf1 Rg7 36. Qd8+ Kh7 37. Rxf3 Rf7 38. Qd5 Rg7 39. c5 Qxd5 40. exd5 Rc7 41. c6 Rc8 42. Rc3 1-0

[Event "*** Titled Tuesday Blitz"]
[Site "Chess.com"]
[Date "2020.05.19"]
[Round "5"]
[White "ORS1984"]
[Black "harkerchess"]
[Result "1/2-1/2"]
[WhiteElo "2440"]
[BlackElo "2082"]
[TimeControl "180+1"]
[EndTime "12:57:08 PDT"]
[Termination "Game drawn by repetition"]

1. e4 e5 2. Nf3 Nc6 3. Bb5 a6 4. Ba4 Nf6 5. Nc3 b5 6. Bb3 Be7 7. a4 b4 8. Nd5 d6 9. d4 O-O 10. O-O a5 11. dxe5 dxe5 12. Re1 Be6 13. Bg5 h6 14. Bxf6 Bxf6 15. Qe2 Nd4 16. Nxd4 exd4 17.
Rad1 c5 18. Bc4 Ra7 19. b3 Bxd5 20. Bxd5 Re7 21. f4 Qd6 22. Qf3 Rd8 23. Bc4 Bh4 24.
g3 Qg6 25. e5 Ree8 26. Bd3 f5 27. exf6 Qxf6 28. gxh4 Qxh4 29. Re4 Rxe4 30. Qxe4 Qg4+ 31. Kf2 Qxd1 32. Qh7+ Kf7 33. Qf5+ Kg8 34. Qh7+ Kf7 35. Qg6+ Kg8 36. Qh7+ 1/2-1/2

[Event "*** Titled Tuesday Blitz"]
[Site "Chess.com"]
[Date "2020.05.19"]
[Round "5"]
[White "stasiek18"]
[Black "KingChess345"]
[Result "1-0"]
[WhiteElo "2366"]
[BlackElo "2210"]
[TimeControl "180+1"]
[EndTime "12:57:08 PDT"]
[Termination "stasiek18 won on time"]

1. e4 c5 2. Nf3 Nc6 3. Bb5 g6 4. Bxc6 dxc6 5. d3 Bg7 6. h3 e5 7.
Be3 Qe7 8. Qd2 Nf6 9. Nc3 O-O 10. O-O Rd8 11. Qc1 Ne8 12. a3 Nc7 13. b4 cxb4 14.
axb4 Qxb4 15. Qd2 Ne6 16. Rfb1 Qe7 17. Bxa7 Nd4 18. Nxd4 exd4 19. Ne2 Be6 20. Bb6 Rxa1 21. Rxa1 Rc8 22. Bxd4 c5 23. Bxg7 Kxg7 24. Qc3+ Qf6 25. Qxf6+ Kxf6 26. Rb1 Rc7 27. Rb6 g5 28. f4 gxf4 29.
Nxf4 Ke5 30. g3 c4 31. Kf2 cxd3 32. cxd3 Kd4 33. Rd6+ Ke5 34. Rd8 Rc2+ 35. Ke3 Rc1 36. d4+ Kf6 37. d5 1-0

[Event "*** Titled Tuesday Blitz"]
[Site "Chess.com"]
[Date "2020.05.19"]
[Round "5"]
[White "SaySpade4VIP"]
[Black "Sam_ChessMood"]
[Result "1-0"]
[WhiteElo "2696"]
[BlackElo "2870"]
[TimeControl "180+1"]
[EndTime "12:57:09 PDT"]
[Termination "SaySpade4VIP won by resignation"]

1. d4 Nf6 2. Bf4 d5 3. e3 c5 4.
c3 Nc6 5. Nd2 Bf5 6. Ngf3 cxd4 7. exd4 e6 8. Qb3 Qc8 9. Nh4 Be4 10. Nxe4 Nxe4 11. Nf3 Bd6 12. Be3 O-O 13. Bd3 f5 14.
O-O Qd7 15. Rae1 Rf6 16. Bc1 Rg6 17. Nd2 Qc7 18. Nf3 Rf8 19. Qd1 a6 20. a3 b5 21.
Kh1 Qb8 22. a4 Rff6 23. axb5 axb5 24. Qb3 b4 25. Qa4 Ne7 26. c4 dxc4 27. Bxc4 Nd5 28. Qc6 h6 29. Bxd5 exd5 30. Qxd5+ Kh8 31. Ne5 Bxe5 32.
dxe5 Re6 33. Bf4 Qe8 34. Ra1 Kh7 35. f3 Ng5 36. Ra8 Qf7 37. Qd8 1-0

[Event "*** Titled Tuesday Blitz"]
[Site "Chess.com"]
[Date "2020.05.19"]
[Round "5"]
[White "grzechu96"]
[Black "Last7Samurai"]
[Result "1-0"]
[WhiteElo "2598"]
[BlackElo "2814"]
[TimeControl "180+1"]
[EndTime "12:57:09 PDT"]
[Termination "grzechu96 won by resignation"]

1. e4 e5 2. Nf3 Nc6 3. Bc4 Bc5 4. O-O Nf6 5. d3 a6 6. c3 d6 7. Re1 h6 8. a4 Ba7 9. Na3 O-O 10. Nc2 Re8 11. Be3 Bb8 12. b4 Ne7 13. Bb3 Ng6 14. Qd2 Bg4 15. Bxh6 Bxf3 16. gxf3 gxh6 17. Qxh6 d5 18. Ne3 Nh7 19. Bxd5 Qg5+ 20. Qxg5 Nxg5 21. Bxb7 Nxf3+ 22. Kh1 Ra7 23. Bc6 Re6 24. Bd5 Nxe1 25. Bxe6 Nxd3 26. Bf5 Nxf2+ 27. Kg1 Nd3 28. Bxg6 fxg6 29.
Rd1 Nb2 30. Rd8+ Kf7 31. Rxb8 Nxa4 32. Nc4 Nxc3 33. Nxe5+ Ke6 34. Nc6 Nb5 35. Nxa7 Nxa7 36. Ra8 Nb5 37. Rxa6+ Ke5 38. Rxg6 Kxe4 39. h4 Kf5 40. h5 Nd4 41. Rg3 Ne2+ 42. Kf2 Nxg3 43. Kxg3 Kg5 44. Kf3 Kxh5 45. Ke4 Kg4 46. Kd5 Kf3 47.
Kc6 Ke4 48. Kxc7 Kd5 49. b5 1-0

[Event "*** Titled Tuesday Blitz"]
[Site "Chess.com"]
[Date "2020.05.19"]
[Round "5"]
[White "Grandelicious"]
[Black "carvillshill"]
[Result "1-0"]
[WhiteElo "2756"]
[BlackElo "2557"]
[TimeControl "180+1"]
[EndTime "12:57:09 PDT"]
[Termination "Grandelicious won by resignation"]

1. Nf3 d5 2. g3 c6 3. Bg2 Bg4 4. O-O Nd7 5. h3 Bh5 6. c4 e6 7. cxd5 exd5 8. d4 Ngf6 9. Ne5 Nxe5 10. dxe5 Nd7 11. f4 f5 12. Nc3 Bc5+ 13. Kh2 O-O 14. Nxd5 cxd5 15. Qxd5+ Kh8 16. e6 Bxe2 17. Re1 Bb5 18.
exd7 Bb4 19. Rd1 Bc6 20. Qb3 Bxg2 21. Kxg2 Qb6 22. Be3 Qc6+ 23. Qd5 Qc2+ 24. Kh1 Rad8 25. a3 Be7 26. Bxa7 h6 27. Rd2 Qa4 28. Bb6 Rf6 29. Bxd8 Bxd8 30. Re1 Kh7 31. Re8 Ba5 32. d8=Q Bxd8 33.
Rxd8 Qa6 34. Qg2 Re6 35. Rd1 Re3 36. R8d2 Qe6 37. Kh2 Qb3 38. Rc1 Qe6 39. Rc3 h5 40. Rxe3 Qxe3 41. Qe2 1-0

[Event "*** Titled Tuesday Blitz"]
[Site "Chess.com"]
[Date "2020.05.19"]
[Round "5"]
[White "GMaka"]
[Black "Megagigahiper3345"]
[Result "0-1"]
[WhiteElo "2428"]
[BlackElo "2621"]
[TimeControl "180+1"]
[EndTime "12:57:09 PDT"]
[Termination "Megagigahiper3345 won on time"]

1. d4 f5 2. Nc3 Nf6 3. Bg5 d5 4. Bxf6 exf6 5. e3 Be6 6. Bd3 Qd7 7. Qf3 Nc6 8. a3 O-O-O 9. Nge2 Kb8 10. O-O-O Ne7 11.
Nf4 Bf7 12. h3 h5 13. h4 g6 14. g3 c6 15. Na4 b6 16. b3 Nc8 17. Kb2 Nd6 18. Ba6 Ne4 19. Qg2 Qe7 20. b4 Nd6 21. Rb1 Nc4+ 22. Bxc4 dxc4 23. Nc3 Qb7 24. b5 cxb5 25. Qxb7+ Kxb7 26. Nxb5 a6 27. Nc3 g5 28. Nfe2 b5 29. d5 Bc5 30. Rhd1 gxh4 31. gxh4 Rhg8 32. Nf4 Rg4 33. Rh1 Bd6 34. Nce2 Be5+ 35. c3 Bxd5 36. Nxd5 Rxd5 37. Kc2 Rg2 38. Rbf1 Rd8 39. Rh3 Rd3 40. Rf3 f4 41. Nxf4 Rxc3+ 42. Kd2 Rg8 43. Ke2 Rd8 44. Rd1 Rc2+ 0-1

[Event "*** Titled Tuesday Blitz"]
[Site "Chess.com"]
[Date "2020.05.19"]
[Round "5"]
[White "velemajstor767276"]
[Black "KaterinaMiroshnik"]
[Result "1-0"]
[WhiteElo "2634"]
[BlackElo "2430"]
[TimeControl "180+1"]
[EndTime "12:57:10 PDT"]
[Termination "velemajstor767276 won by resignation"]

1. d4 e6 2. Nf3 Nf6 3. c4 d5 4. Nc3 Bb4 5. Qa4+ Nc6 6. e3 O-O 7. Bd2 Bd7 8. Qc2 Be7 9. a3 a6 10. Rd1 dxc4 11. Bxc4 b5 12. Bd3 g6 13. Ne4 Rc8 14. Nc5 Bxc5 15. Qxc5 Nd5 16. O-O Nb6 17. Rc1 Ne7 18. e4 Na4 19. Qc2 c5 20. Bh6 Re8 21. Qd2 cxd4 22. Rxc8 Bxc8 23. Bg5 Qd6 24. Bf6 Nc6 25. e5 Qf8 26. Rc1 Bb7 27. Be4 Nd8 28. Bxb7 Nxb7 29. Qxd4 Rc8 30. Rd1 Nbc5 31. h4 Nb3 32.
Qd3 Nbc5 33. Qe2 Qe8 34. Rd6 Nd7 35. Qd2 Nxf6 36. exf6 Nc5 37. Qe3 Nd7 38. Qd4 Nc5 39. Ne5 Rb8 40. Nc6 Rc8 41. Qxc5 e5 42. Ne7+ 1-0

[Event "*** Titled Tuesday Blitz"]
[Site "Chess.com"]
[Date "2020.05.19"]
[Round "5"]
[White "penguingm1"]
[Black "Spartakus1975"]
[Result "0-1"]
[WhiteElo "2870"]
[BlackElo "2695"]
[TimeControl "180+1"]
[EndTime "12:57:11 PDT"]
[Termination "Spartakus1975 won on time"]

1. d4 d5 2. Bf4 c5 3. e3 Nc6 4. Nf3 Nf6 5. Nbd2 Bg4 6. c3 e6 7. Qb3 Qb6 8. Qxb6 axb6 9. Bb5 Nd7 10. Ne5 Ndxe5 11. dxe5 Be7 12. f3 Bf5 13. e4 Bg6 14. a4 O-O-O 15. h4 h5 16. O-O-O c4 17. g3 Na7 18. exd5 exd5 19. Nf1 Nxb5 20. axb5 Bc5 21. Ne3 Bd3 22. Kd2 d4 23. cxd4 Rxd4 24. Kc3 Rhd8 25.
Rd2 Rxf4 26. gxf4 Bxe3 27. Rg2 Bxf4 28. Re1 Rd5 29. e6 fxe6 30. Rxe6 Be5+ 31. Kb4 Bf6 32. Rd2 Kc7 33. b3 c3 34. Rd1 c2 35. Rde1 Bxh4 36.
Rg1 Bg5 37. f4 Bxf4 38. Rxg7+ Rd7 39. Ree7 Rxe7 40. Rxe7+ Kd6 0-1

[Event "*** Titled Tuesday Blitz"]
[Site "Chess.com"]
[Date "2020.05.19"]
[Round "5"]
[White "Zhuu96"]
[Black "Rozum_Ivan"]
[Result "1-0"]
[WhiteElo "2857"]
[BlackElo "2601"]
[TimeControl "180+1"]
[EndTime "12:57:11 PDT"]
[Termination "Zhuu96 won on time"]

1. Nf3 g6 2. d4 Bg7 3. e4 d6 4. c4 Bg4 5. Be2 Nc6 6. d5 Bxf3 7. Bxf3 Nd4 8. O-O c5 9. Nc3 e5 10. dxe6 fxe6 11. Be3 Ne7 12. Bg4 Nec6 13. Nb5 Qe7 14. Qd2 O-O 15. Bg5 Qd7 16. f4 Rf7 17. Nc3 Raf8 18.
Kh1 a6 19. Bh4 b5 20. cxb5 axb5 21. Bg3 b4 22. Ne2 Ne5 23. Nxd4 Nxg4 24. Nf3 Bh6 25. h3 Nf6 26. Rae1 Nh5 27. Bh2 Bxf4 28. Bxf4 Nxf4 29. Ng5 Rf6 30. e5 Rf5 31. Ne4 Nd5 32. Rxf5 Rxf5 33. exd6 c4 34. Qd4 c3 35. bxc3 bxc3 36.
Rb1 Rf8 37. Qe5 c2 38. Rc1 Rc8 39. Qxd5 exd5 40. Nf6+ Kf7 41. Nxd7 Ke6 42. Nb6 Rc6 43. d7 Ke7 44. Re1+ 1-0

[Event "*** Titled Tuesday Blitz"]
[Site "Chess.com"]
[Date "2020.05.19"]
[Round "5"]
[White "GoltsevDmitry2000"]
[Black "Dr-Bassem"]
[Result "0-1"]
[WhiteElo "2569"]
[BlackElo "2785"]
[TimeControl "180+1"]
[EndTime "12:57:11 PDT"]
[Termination "Dr-Bassem won by resignation"]

1. e4 e5 2. Nf3 Nc6 3. Bb5 a6 4. Ba4 Nf6 5. O-O Be7 6. Re1 b5 7. Bb3 d6 8. h3 O-O 9. c3 Nb8 10.
d4 Nbd7 11. Nbd2 Bb7 12. d5 c6 13. dxc6 Bxc6 14. Qe2 Nc5 15. Bc2 Re8 16. b3 Bf8 17. Ba3 Ne6 18. g3 Qa5 19. Bb4 Qc7 20. c4 a5 21. Bc3 b4 22. Bb2 Nc5 23. Nh4 g6 24.
Ng2 h5 25. Ne3 Bh6 26. f3 a4 27. Ndf1 h4 28. g4 Ne6 29. Ng2 Bg5 30. Nfe3 Nd7 31.
Nd5 Qa7+ 32. Qf2 Qxf2+ 33. Kxf2 Bxd5 34. exd5 Nf4 35. Nxf4 Bxf4 36. Red1 Nc5 37. Bc1 axb3 38. Bxf4 bxc2 39. Rdc1 exf4 40. Rxc2 b3 41. Rb2 Nd3+ 0-1

[Event "*** Titled Tuesday Blitz"]
[Site "Chess.com"]
[Date "2020.05.19"]
[Round "5"]
[White "Supernotar"]
[Black "Mugzyyy"]
[Result "0-1"]
[WhiteElo "2670"]
[BlackElo "2508"]
[TimeControl "180+1"]
[EndTime "12:57:11 PDT"]
[Termination "Mugzyyy won by checkmate"]

1. d4 Nf6 2. c4 b6 3. Nf3 Bb7 4. Nbd2 g6 5. g3 Bg7 6. Bg2 O-O 7. O-O e6 8. b3 d5 9. Bb2 Ne4 10. Rc1 a5 11. a3 a4 12. b4 dxc4 13. Nxc4 b5 14.
Nce5 Bd5 15. Ne1 Nd6 16. f3 Bxe5 17. dxe5 Bb3 18. Qd2 Nc4 19. Qc3 c5 20. f4 Ra7 21.
bxc5 Rc7 22. Nd3 Ne3 23. Rfe1 Nxg2 24. Kxg2 Na6 25. e4 Qe7 26. f5 Rfc8 27. f6 Qf8 28. Qd2 Bc4 29. Rcd1 Nxc5 30. Nxc5 Rxc5 31. Qe3 Bb3 32.
Rc1 Rc2+ 33. Rxc2 Rxc2+ 34. Re2 Qc8 35. Rxc2 Qxc2+ 36. Kh3 Bc4 37. Qd4 h5 38. Bc1 g5 39.
Bxg5 Bf1+ 40. Kh4 Qxh2# 0-1

[Event "*** Titled Tuesday Blitz"]
[Site "Chess.com"]
[Date "2020.05.19"]
[Round "5"]
[White "Jenia84"]
[Black "pastouche06"]
[Result "0-1"]
[WhiteElo "2228"]
[BlackElo "2416"]
[TimeControl "180+1"]
[EndTime "12:57:11 PDT"]
[Termination "pastouche06 won by resignation"]

1. e4 c6 2. d4 d5 3. exd5 cxd5 4. Bd3 Nc6 5. c3 Qc7 6. Ne2 Bg4 7. O-O e6 8. h3 Bh5 9. Qe1 Bd6 10. f4 Bg6 11. f5 Bxf5 12. Bxf5 exf5 13. Nf4+ Nge7 14. Nxd5 Qd7 15.
Nxe7 Nxe7 16. Nd2 O-O 17. Nc4 Rae8 18. Qf2 b5 19. Nxd6 Qxd6 20. Bf4 Qd7 21. Rae1 Nd5 22. Be5 f6 23. Bg3 g6 24. Qf3 Kf7 25. b3 Qc6 26. Bf4 Rxe1 27. Rxe1 Re8 28. Rxe8 Kxe8 29. Bd2 Kf7 30.
Kf1 a6 31. Ke2 Qe6+ 32. Kd3 g5 33. c4 bxc4+ 34. bxc4 Nb6 35. Qb7+ Kg6 36. d5 Qe4+ 37. Kc3 Qxc4+ 38. Kb2 Nxd5 39. Qd7 Qb5+ 40. Qxb5 axb5 41.
Kc2 f4 42. Kd3 Kf5 43. Kd4 Ne3 44. g4+ Nxg4 45. hxg4+ Kxg4 46. Kc5 h5 47. Kxb5 h4 48. a4 h3 49. a5 h2 50. a6 h1=Q 51. a7 Qb7+ 0-1

[Event "*** Titled Tuesday Blitz"]
[Site "Chess.com"]
[Date "2020.05.19"]
[Round "5"]
[White "peixe64"]
[Black "j2806"]
[Result "1-0"]
[WhiteElo "2248"]
[BlackElo "2002"]
[TimeControl "180+1"]
[EndTime "12:57:11 PDT"]
[Termination "peixe64 won by checkmate"]

1. d4 Nf6 2. c4 e6 3. Nc3 d5 4. Bg5 Be7 5. Nf3 O-O 6. e3 Nbd7 7. Bd3 Re8 8. c5 c6 9. O-O b6 10. b4 a5 11. a3 h6 12. Bf4 Nh5 13. Ne5 Nxe5 14.
Bxe5 Nf6 15. Bc2 Nd7 16. Qd3 g6 17. Bf4 Bf8 18. e4 bxc5 19. bxc5 Ba6 20. Qg3 Bxf1 21. Rxf1 dxe4 22. Bxe4 Bg7 23. Bxc6 Rc8 24. Ba4 Bxd4 25. Rd1 Bxc3 26. Qxc3 Re7 27. c6 Qf8 28. Bd6 Qe8 29.
Bxe7 Qxe7 30. Rxd7 Qf8 31. c7 Qe8 32. h3 Qf8 33.
Kh2 Kh7 34. Qf6 Kg8 35. Re7 Kh7 36. Rxf7+ Kg8 37. Rxf8+ Rxf8 38. Qxf8+ Kxf8 39. c8=Q+ Kf7 40. Qd7+ Kf6 41. f4 g5 42. Qd4+ Kg6 43. Bc2+ Kh5 44. g4+ Kh4 45. Qf2# 1-0

[Event "*** Titled Tuesday Blitz"]
[Site "Chess.com"]
[Date "2020.05.19"]
[Round "5"]
[White "jerry_77"]
[Black "Zubrrr"]
[Result "0-1"]
[WhiteElo "2474"]
[BlackElo "2672"]
[TimeControl "180+1"]
[EndTime "12:57:12 PDT"]
[Termination "Zubrrr won by checkmate"]

1. e4 c5 2. Nf3 d6 3. d4 cxd4 4. Nxd4 Nf6 5. Nc3 a6 6. Be3 e6 7. g4 e5 8. Nf5 h5 9. g5 Nxe4 10. Nxg7+ Bxg7 11. Nxe4 d5 12. Nf6+ Bxf6 13. gxf6 d4 14.
Bg5 Bg4 15. Be2 Qd5 16. Rg1 Bxe2 17. Qxe2 Nc6 18. f4 O-O-O 19. a3 e4 20. Rg3 d3 21. cxd3 exd3 22. Qf3 Rhe8+ 23. Kf1 Qc4 24. Rd1 d2+ 25. Kg2 Re1 26. f5 Rxd1 27. Qxd1 Qe4+ 28. Kf1 Qxf5+ 29. Kg2 Qe4+ 30. Rf3 Ne5 31. Qxd2 Rxd2+ 32. Bxd2 Qxf3+ 33. Kg1 Ng4 34. Bf4 Qf2+ 35. Kh1 Qf1# 0-1

[Event "*** Titled Tuesday Blitz"]
[Site "Chess.com"]
[Date "2020.05.19"]
[Round "5"]
[White "ZverevLev"]
[Black "noblerone"]
[Result "1-0"]
[WhiteElo "2181"]
[BlackElo "2444"]
[TimeControl "180+1"]
[EndTime "12:57:12 PDT"]
[Termination "ZverevLev won by checkmate"]

1. e4 c5 2. Nf3 e6 3. d4 cxd4 4. Nxd4 Qb6 5. Nb3 Qc7 6. Nc3 a6 7. Bd3 b5 8. O-O Bb7 9. Be3 Nf6 10. f3 d5 11. exd5 Nxd5 12. Nxd5 Bxd5 13. Be4 Bxe4 14. fxe4 Bd6 15. Qh5 O-O 16. Rad1 Nc6 17. Kh1 Be5 18. Nc5 g6 19. Qh3 Rfd8 20. Bh6 Bxb2 21. c3 Ne5 22. Nxe6 fxe6 23. Qxe6+ Nf7 24. Rxd8+ Rxd8 25.
Bg5 Bxc3 26. Bxd8 Qc4 27. Qe8+ Kg7 28. Rc1 b4 29. e5 Qf4 30. Bf6+ Kh6 31. Qf8+ Kh5 32. Rg1 Nxe5 33. Qg7 h6 34. Qe7 Qf5 35. Bxe5 Qxe5 36. g4# 1-0

[Event "*** Titled Tuesday Blitz"]
[Site "Chess.com"]
[Date "2020.05.19"]
[Round "5"]
[White "VladimirBugayev"]
[Black "damayito"]
[Result "0-1"]
[WhiteElo "2261"]
[BlackElo "1631"]
[TimeControl "180+1"]
[EndTime "12:57:12 PDT"]
[Termination "damayito won on time"]

1. e4 e6 2. d4 d5 3. Nd2 dxe4 4.
Nxe4 Nf6 5. Ng3 c5 6. Nf3 Nc6 7. Be3 cxd4 8. Nxd4 Nxd4 9. Qxd4 Qxd4 10. Bxd4 Bd6 11.
Bxf6 gxf6 12. Ne4 Be5 13. Bb5+ Ke7 14. O-O-O f5 15. Nd2 a6 16. Ba4 b5 17. Bb3 Bb7 18. f3 Rhd8 19. g3 Bd4 20. Rhe1 a5 21. a4 Ba6 22. axb5 Bxb5 23. Bc4 Ba4 24. Nb3 Bf6 25. Rxd8 Rxd8 26. Nxa5 Rd4 27. c3 Rd6 28. Bb3 Bb5 29. Nc4 Rc6 30. Ne5 Rc5 31. f4 Bg7 32. Nf3 Bd3 33. Nd2 Ra5 34. Nc4 Ra7 35. Kd2 Be4 36. Ke3 h5 37. Nd2 Bb7 38. Bc4 Bf8 39. Be2 Kf6 40.
Bxh5 Bc5+ 41. Ke2 Ra2 42. b4 Ba6+ 43. c4 Bxb4 44. Rd1 Bxc4+ 0-1

[Event "*** Titled Tuesday Blitz"]
[Site "Chess.com"]
[Date "2020.05.19"]
[Round "5"]
[White "Fandorine"]
[Black "EvgenyRomanov"]
[Result "1-0"]
[WhiteElo "2886"]
[BlackElo "2684"]
[TimeControl "180+1"]
[EndTime "12:57:13 PDT"]
[Termination "Fandorine won on time"]

1. e4 e6 2. d4 d5 3. exd5 exd5 4.
Nf3 Bd6 5. c4 c6 6. cxd5 cxd5 7.
Bd3 Nc6 8. O-O h6 9. Nc3 Nge7 10.
a3 O-O 11. h3 Be6 12. Re1 Re8 13. Bc2 Rc8 14. Be3 Bb8 15. Qd2 Bf5 16. Rad1 Bxc2 17. Qxc2 Qd7 18. Qd3 Nf5 19. Bc1 a6 20. Na4 Ba7 21.
Nc5 Bxc5 22. dxc5 Re6 23. Rxe6 fxe6 24. b4 Rf8 25. Bb2 Qf7 26. Ne5 Nxe5 27. Bxe5 Nh4 28.
Qg3 Nf5 29. Qg4 g5 30. Re1 Qg6 31. f4 Kh7 32. Bc3 gxf4 33. Qxg6+ Kxg6 34. Rxe6+ Kg5 35.
Re5 1-0

[Event "*** Titled Tuesday Blitz"]
[Site "Chess.com"]
[Date "2020.05.19"]
[Round "5"]
[White "MPGM"]
[Black "yarosavich"]
[Result "1-0"]
[WhiteElo "2537"]
[BlackElo "2681"]
[TimeControl "180+1"]
[EndTime "12:57:13 PDT"]
[Termination "MPGM won by resignation"]

1. d4 d5 2. c4 e6 3. Nc3 Be7 4. cxd5 exd5 5. Bf4 c6 6. e3 Bf5 7. h4 Nd7 8. h5 g5 9. hxg6 Bxg6 10. Bd3 Ngf6 11. Nf3 Rg8 12. Bxg6 hxg6 13. Qb3 Qb6 14.
Ne5 Nxe5 15. Bxe5 Qxb3 16. axb3 Nd7 17. Bg3 Bb4 18. Ke2 Ke7 19. Kd3 Bd6 20. Bxd6+ Kxd6 21. Rh7 Ke6 22. f3 Nf6 23. Rh4 g5 24. Rh6 Ke7 25. b4 a6 26. Rah1 Ne8 27. e4 dxe4+ 28. fxe4 Rd8 29.
e5 Ng7 30. Ke4 Ne8 31. d5 cxd5+ 32. Nxd5+ Kd7 33. Rc1 Rg7 34. Rb6 Rb8 35. Kf5 Rh7 36.
Nf6+ Nxf6 37. Rxf6 Ke7 38. Rc7+ Kf8 39. e6 Rd8 40.
e7+ 1-0

[Event "*** Titled Tuesday Blitz"]
[Site "Chess.com"]
[Date "2020.05.19"]
[Round "5"]
[White "1stSecond"]
[Black "Mykola-Bortnyk"]
[Result "1-0"]
[WhiteElo "2737"]
[BlackElo "2878"]
[TimeControl "180+1"]
[EndTime "12:57:14 PDT"]
[Termination "1stSecond won by checkmate"]

1. Nf3 c5 2. g3 Nc6 3. Bg2 e5 4. O-O d6 5. c3 f5 6. d4 cxd4 7.
cxd4 e4 8. Ne1 Nf6 9. d5 Ne5 10. Nc3 Be7 11. Nc2 O-O 12. Nd4 Bd7 13. Qb3 b5 14. Bf4 Kh8 15. Ne6 Bxe6 16. dxe6 Rb8 17. Rfd1 Ng6 18. Be3 a5 19. a4 bxa4 20. Qxa4 Qc8 21.
Qa2 Rd8 22. Bh3 f4 23. gxf4 Nh5 24. Nd5 Bf6 25. Bg4 Rxb2 26. Qxa5 Re8 27. Bxh5 Rxe6 28. Bg4 Rb8 29. h3 Bxa1 30. Qxa1 h5 31. Bf5 Nh4 32. Bxe6 Qxe6 33. Kh2 Rb7 34. Qa8+ Kh7 35.
Qxb7 Nf5 36. Rg1 h4 37. Rg5 Kh6 38. Bd4 g6 39. Rxf5 gxf5 40. Qg7+ Kh5 41. Qg5# 1-0

[Event "*** Titled Tuesday Blitz"]
[Site "Chess.com"]
[Date "2020.05.19"]
[Round "5"]
[White "DarkAlekhine"]
[Black "GHANDEEVAM2003"]
[Result "0-1"]
[WhiteElo "2617"]
[BlackElo "2906"]
[TimeControl "180+1"]
[EndTime "12:57:14 PDT"]
[Termination "GHANDEEVAM2003 won by resignation"]

1. Nf3 d5 2. g3 Nf6 3. Bg2 Bg4 4. O-O Nbd7 5. d3 c6 6. Nbd2 e5 7. h3 Bh5 8. e4 Bd6 9. exd5 cxd5 10. c4 O-O 11. cxd5 Nxd5 12. Nc4 Bc7 13. Re1 Re8 14. g4 Bg6 15. Bg5 f6 16. Be3 b5 17. Nh4 Bf7 18. Nd2 Bb6 19. Bxb6 Qxb6 20. Ne4 Nf4 21. Nf5 Bd5 22.
Rc1 Rad8 23. Ne3 Bf7 24. g5 Be6 25. Rc6 Qa5 26. gxf6 gxf6 27. Kh2 Kh8 28. Nd6 Qxa2 29. Nxe8 Rxe8 30. Qc2 Rg8 31. Rc8 Nf8 32. Rg1 Bxc8 33. Qxc8 Qxb2 34. Qf5 Rg6 35. Ng4 Kg7 36. Kh1 h5 37.
Ne3 Qxf2 38. Qe4 Ne2 39. Nf5+ Qxf5 40. Qxf5 Ng3+ 0-1

[Event "*** Titled Tuesday Blitz"]
[Site "Chess.com"]
[Date "2020.05.19"]
[Round "5"]
[White "ajian"]
[Black "Nayemhaque22"]
[Result "0-1"]
[WhiteElo "2317"]
[BlackElo "2176"]
[TimeControl "180+1"]
[EndTime "12:57:14 PDT"]
[Termination "Nayemhaque22 won on time"]

1. d4 Nf6 2. c4 e6 3. Nc3 Bb4 4. Qc2 d5 5. cxd5 exd5 6. Bg5 h6 7. Bh4 O-O 8. e3 Be6 9. Bd3 c6 10. Ne2 Nbd7 11. O-O a5 12. Rab1 Re8 13. Rfc1 Rc8 14. Bg3 Nh5 15. a3 Nxg3 16. Nxg3 Bd6 17. b4 Nf6 18. Na4 b5 19. Nc5 Bxc5 20. Qxc5 a4 21.
Qc2 Nd7 22. Qd1 Nb6 23. Qf3 Qg5 24. e4 Bg4 25. Qe3 Qxe3 26. fxe3 dxe4 27. Nxe4 Bf5 28. Nd6 Bxd3 29. Nxe8 Bxb1 30. Nd6 Rd8 31. Nb7 Rb8 32. Na5 Be4 33. Nxc6 Bxc6 34. Rxc6 Nc4 35. d5 Rd8 36. e4 Nxa3 37. Rb6 Kf8 38. Kf2 Ke7 39. Ke2 Rd7 40.
Kd3 Ra7 41. Kd4 Nc2+ 42. Kc5 a3 43. d6+ Kd7 44. Rxb5 a2 0-1